 Dungeon Crawl Stone Soup version 0.29.0-4-gdea44cf6ec (webtiles) character file.

Game seed: 9146598627300883715

2 qw the Caller (level 1, -2/14 HPs)
             Began as a Ghoul Summoner on Sept 10, 2022.
             Slain by a jackal (3 damage)
             ... on level 1 of the Dungeon.
             The game lasted 00:00:03 (50 turns).

qw the Caller (Ghoul Summoner)                        Turns: 50, Time: 00:00:03

Health: -2/14      AC:  2    Str: 11    XL:     1   Next: 40%
Magic:  0/2        EV: 12    Int: 10    God:
Gold:   0          SH:  0    Dex:  9    Spells: 2/3 levels left

rFire   . . .      SeeInvis .   (no weapon)
rCold   + . .      Faith    .   (no shield)
rNeg    + + +      Spirit   .   a - +0 robe
rPois   inf        Reflect  .   (no helmet)
rElec   .          Harm     .   (no cloak)
rCorr   .          Rampage  .   (no gloves)
Will    .....                   (no boots)
Stlth   ++........              (no amulet)
HPRegen 0.00/turn               (no ring)
MPRegen 0.08/turn               (no ring)

@: inhibited regen
A: claws 1, cold resistance 1, negative energy resistance 3, inhibited
regeneration, torment resistance 2, devour on kill
a: no special abilities


You were on level 1 of the Dungeon.
You visited 1 branch of the dungeon, and saw 1 of its levels.


Innate Abilities, Weirdness & Mutations

You are immune to poison.
You have sharp fingernails.
Your flesh is cold resistant. (rC+)
You are immune to negative energy. (rN+++)
You do not regenerate when monsters are visible.
You are immune to unholy pain and torment.
You thrive by killing the living.


   Skills:
 + Level 0.6 Axes
 - Level 1.7 Dodging
 - Level 2.1 Stealth
 - Level 1.7 Spellcasting
 - Level 3.6 Summonings


You had 2 spell levels left.
You knew the following spells:

 Your Spells              Type           Power      Damage    Failure   Level
a - Summon Small Mammal   Summ           32%        N/A       8%          1

Your spell library contained the following spells:

 Spells                   Type           Power      Damage    Failure   Level
 Call Imp                 Summ           8%         N/A       11%         2
 Call Canine Familiar     Summ           8%         N/A       22%         3
 Summon Guardian Golem    Hex/Summ       4%         N/A       43%         3
 Summon Lightning Spire   Summ/Air       4%         N/A       83%         4

Inventory:

Armour
 a - a +0 robe (worn)
Potions
 b - a potion of magic

Dungeon Overview and Level Annotations

Branches:
Dungeon (1/15)

Altars:


Message History

Your bat hits the jackal but does no damage. x2
The jackal misses you. The jackal closely misses you.
Your bat barely misses the jackal.
The jackal bites you. The jackal misses you.
41 ||| Stepping ~*~*~tactically~*~*~ (outnumbered).
There is an open door here.
You completely miss the jackal. Your bat hits the jackal.
Your bat hits the jackal but does no damage.
The jackal closely misses you.
Your bat closely misses the jackal.
You closely miss the jackal. The jackal bites you.
The jackal bites something.
The jackal closely misses something.
The jackal barely misses you. The jackal bites you.
You scratch the jackal.
The jackal is severely wounded.
The jackal misses you. The jackal bites you.
The jackal barely misses something.
45 ||| CASTING Summon Small Mammal
Casting: Summon Small Mammal (safe; 8% risk of failure)
Confirm with . or Enter, or press ? or * to list all spells.
The jackal bites you.
The jackal bites you but does no damage.
The jackal closely misses something.
The jackal bites something.
The jackal bites you but does no damage.
The jackal bites you.
You scratch the jackal.
You kill the jackal!
You scratch the jackal.
The jackal is moderately wounded.
The jackal barely misses you. The jackal bites you.
You scratch the jackal but do no damage.
The jackal is moderately wounded.
The jackal bites you. The jackal closely misses you. The jackal bites you.
The jackal misses you.
You scratch the jackal.
The jackal is heavily wounded.
The jackal barely misses you. The jackal bites you.
You barely miss the jackal.
The jackal is heavily wounded.
The jackal bites you.
You die...

#. #.. #..#
#...#+
#.....####
#.....##+#
#..hh...#
####@#.......
#...b#+#.....
#<...+ #...
###### .. .


You could see 2 jackals and a friendly bat (summoned).

Vanquished Creatures
  An endoplasm (D:1)
  A jackal (D:1)
2 creatures vanquished.

Notes
Turn   | Place    | Note
-------+----------+-------------------------------------------
     0 | D:1      | qw the Ghoul Summoner began the quest for the Orb.
     0 | D:1      | Reached XP level 1. HP: 14/14 MP: 2/2
     0 | D:1      | 0 ||| qw: Version: 0.1-a-116-g5d60599
     0 | D:1      | 0 ||| qw: Game counter: 7421
     0 | D:1      | 0 ||| qw: Always use a shield: true
     0 | D:1      | 0 ||| qw: God list: Okawaru
     0 | D:1      | 0 ||| qw: Allow faded altars: false
     0 | D:1      | 0 ||| qw: Do Orc after D:15 true
     0 | D:1      | 0 ||| qw: Do second Lair branch before Depths: true
     0 | D:1      | 0 ||| qw: Lair rune preference: random
     0 | D:1      | 0 ||| qw: Plans: Normal
     0 | D:1      | 0 ||| PLANNING D:1-11
     6 | D:1      | 6 ||| CASTING Summon Small Mammal
     7 | D:1      | 7 ||| CASTING Summon Small Mammal
    32 | D:1      | 32 ||| CASTING Summon Small Mammal
    33 | D:1      | 33 ||| CASTING Summon Small Mammal
    41 | D:1      | 41 ||| Stepping ~*~*~tactically~*~*~ (outnumbered).
    45 | D:1      | 45 ||| CASTING Summon Small Mammal
    48 | D:1      | HP: 3/14 [jackal (1)]
    49 | D:1      | HP: 1/14 [jackal (1)]
    50 | D:1      | Slain by a jackal

Levels and vault maps discovered:
D:1:      dpeg_arrival_short_road, layout_rooms, st_stairs_2

Action                   || total
-------------------------++-------
Melee: Unarmed           ||    11
 Cast: Summon Small Mamm ||     5
Armor: Robe              ||     2
Dodge: Dodged            ||    11

Table legend:
 A = Non-vault XP
 B = Vault XP
 C = Vault XP percentage of total XP
 D = Non-vault monster count
 E = Vault monster count
 F = Vault count percentage of total count
                 A         B        C        D         E       F
            +---------+---------+-------+---------+---------+-------
      Total |       4 |       0 |   0.0 |       2 |       0 |   0.0
            +---------+---------+-------+---------+---------+-------
        D:1 |       4 |       0 |   0.0 |       2 |       0 |   0.0
            +---------+---------+-------+---------+---------+-------
